 Dungeon Crawl Stone Soup version 0.26-a0-591-g04f19ec95a (webtiles) character file.

Game seed: 14212576782126028353

162411 MrRokkomies the Spry (level 17, -10/102 HPs)
             Began as a Deep Elf Ice Elementalist on Aug 24, 2020.
             Was the Champion of Vehumet.
             Killed from afar by Jorgrun (56 damage)
             ... with an iron shot
             ... on level 2 of the Snake Pit.
             The game lasted 01:26:49 (44558 turns).

MrRokkomies the Spry (Deep Elf Ice Elementalist)   Turns: 44558, Time: 01:26:50

Health: -10/102    AC:  6    Str:  6    XL:     17   Next: 22%
Magic:  23/33      EV: 29    Int: 27    God:    Vehumet [******]
Gold:   637        SH:  7    Dex: 22    Spells: 1/36 levels left

rFire    + . .     SeeInvis .   a - +7 eveningstar of Frustration {vorpal, rN++}
rCold    + . .     Faith    .   m - +1 buckler
rNeg     + + .     Spirit   .   F - +2 robe {rF+}
rPois    +         Reflect  .   (no helmet)
rElec    .         Harm     .   C - scarf {repulsion}
rCorr    .                      G - +0 pair of gloves
MR       +....                  v - +0 pair of boots
Stlth    +++.......             B - amulet of the acrobat
HPRegen  0.27/turn              V - ring "Ytenk" {Wiz *Drain rPois Dex+7}
MPRegen  0.23/turn              l - ring of protection from cold

@: no potions, studying Dodging, repel missiles
A: no striking features
a: Renounce Religion


You were on level 2 of the Snake Pit.
You worshipped Vehumet.
Vehumet was exalted by your worship.
You visited 6 branches of the dungeon, and saw 30 of its levels.
You also visited: Ossuary, Bailey and Ice Cave.

You collected 3092 gold pieces.
You spent 2455 gold pieces at shops.

Inventory:

Hand Weapons
 a - the +7 eveningstar of Frustration (weapon) {vorpal, rN++}
   (You acquired it on level 8 of the Dungeon)

   It inflicts extra damage upon your enemies.
   It greatly protects you from negative energy.
 b - the +6 short sword of Cidiss {vorpal, rElec rN++ Int-5 Stlth+}
   (You found it on level 6 of the Dungeon)

   It inflicts extra damage upon your enemies.
   It affects your intelligence (-5).
   It insulates you from electricity.
   It greatly protects you from negative energy.
   It makes you more stealthy.
Missiles
 g - 16 curare-tipped darts
 h - 125 poisoned darts (quivered)
 r - a throwing net
Armour
 m - a +1 buckler (worn)
 v - a +0 pair of boots (worn)
 C - a scarf of repulsion (worn)
 F - a +2 robe of fire resistance (worn)
 G - a +0 pair of gloves (worn)
Jewellery
 l - a ring of protection from cold (right hand)
 o - an uncursed ring of protection from magic
 u - an uncursed ring of ice
 A - an uncursed ring of protection from fire
 B - an amulet of the acrobat (around neck)
 O - an uncursed ring of see invisible
 Q - an uncursed ring of positive energy
 S - an uncursed ring of resist corrosion
 U - a +4 ring of protection
 V - the ring "Ytenk" (left hand) {Wiz *Drain rPois Dex+7}
   (You acquired it on level 2 of the Snake Pit)

   [ring of wizardry]

   It improves your spell success rate.
   It affects your dexterity (+7).
   It protects you from poison.
   It causes draining when unequipped.
Wands
 D - a wand of flame (19)
 H - a wand of paralysis (8)
 P - a wand of iceblast (10)
Scrolls
 c - 2 scrolls of enchant armour
 f - 7 scrolls of magic mapping
 q - 10 scrolls of identify
 t - 3 scrolls of silence
 w - 16 scrolls of teleportation
 y - 19 scrolls of remove curse
 z - 4 scrolls of fear
 E - 5 scrolls of enchant weapon
 I - a scroll of blinking
 J - 4 scrolls of fog
 T - a scroll of holy word
Potions
 e - a potion of invisibility
 i - 6 potions of flight
 j - 12 potions of curing
 k - 6 potions of brilliance
 n - 5 potions of mutation
 p - a potion of might
 s - 7 potions of berserk rage
 x - 2 potions of ambrosia
 K - a potion of magic
 L - 7 potions of heal wounds
 M - 4 potions of haste
 R - a potion of stabbing
Books
 d - a manual of Dodging
Miscellaneous
 N - a phial of floods
 W - a tin of tremorstones (3/3)
 X - a phantom mirror
 Y - a lightning rod (4/4)
 Z - a condenser vane (2/2)


   Skills:
 - Level 10.0 Fighting
 * Level 14.4 Maces & Flails
 + Level 17.2 Dodging
 - Level 2.4 Stealth
 - Level 4.0 Shields
 - Level 10.0 Spellcasting
 - Level 4.0 Summonings
 * Level 16.7 Ice Magic
 - Level 6.0 Poison Magic


You had one spell level left.
You knew the following spells:

 Your Spells              Type           Power        Failure   Level
a - Ozocubu's Refrigerat  Ice            #######...   1%          6
b - Frozen Ramparts       Ice            ######       0%          3
c - Ozocubu's Armour      Ice            #######.     0%          3
d - Summon Ice Beast      Ice/Summ       ######..     1%          4
e - Olgreb's Toxic Radia  Pois           #####...     1%          4
f - Absolute Zero         Ice            #######...   41%         9
g - Iron Shot             Conj/Erth      ##........   50%         6

Your spell library contained the following spells:

 Spells                   Type           Power        Failure   Level
 Freeze                   Ice            ####         0%          1
 Animate Skeleton         Necr           ##....       1%          1
 Apportation              Tloc           ##....       1%          1
 Corona                   Hex            ##.....      1%          1
 Pain                     Necr           ##..         1%          1
 Sandblast                Erth           ##....       1%          1
 Summon Small Mammal      Summ           ####         1%          1
 Ignite Poison            Fire/Tmut/Pois ###.....     1%          3
 Stone Arrow              Conj/Erth      ##....       1%          3
 Hailstorm                Conj/Ice       ######..     1%          4
 Metabolic Englaciation   Hex/Ice        ######....   1%          5
 Passwall                 Tmut/Erth      ##......     2%          2
 Confusing Touch          Hex            ##......     5%          3
 Gell's Gravitas          Tloc           ##........   5%          3
 Vampiric Draining        Necr           ##........   5%          3
 Fireball                 Conj/Fire      ##........   13%         5
 Lee's Rapid Deconstruct  Erth           ##........   13%         5
 Yara's Violent Unravell  Hex/Tmut       ##........   13%         5
 Animate Dead             Necr           ##........   16%         4
 Petrify                  Tmut/Erth      ##......     16%         4
 Agony                    Necr           ##......     41%         5
 Starburst                Conj/Fire      ##........   50%         6
 Chain Lightning          Conj/Air       ##........   100%        8
 Ignition                 Fire           ##........   100%        8
 Lehudib's Crystal Spear  Conj/Erth      ##........   100%        8
 Fire Storm               Conj/Fire      ##........   100%        9


Dungeon Overview and Level Annotations

Branches:
Dungeon (15/15)            Temple (1/1) D:5            Lair (6/6) D:11
  Swamp (4/4) Lair:4        Snake (2/4) Lair:4        Slime (0/5) Lair:5
    Orc (2/2) D:9             Elf (0/3) Orc:2        Vaults (0/5) D:14
 Depths (0/5) D:15        Ossuary (visited)          Bailey (visited)
  IceCv (visited)

Altars:
Ashenzari
Cheibriados
Dithmenos
Elyvilon
Fedhas
Gozag
Hepliaklqana
Kikubaaqudgha
Makhleb
Nemelex Xobeh
Okawaru
Qazlal
Ru
Sif Muna
Trog
Uskayaw
Vehumet
Wu Jian
Xom
Yredelemnul
Zin
The Shining One
Beogh
Jiyva

Shops:
D:7 :   D:10 =   Orc:2 =([}   Snake:2 *

Annotations:
D:3 3 runed translucent doors, Zadkiel's ghost, amateur GrEE
D:13 1 runed translucent door
Snake:2 Jorgrun


Message History

You hear a grinding noise.
You're too confused to cast spells.
Unknown command.
You feel better.
You feel less invigorated.
Casting: Ozocubu's Refrigeration (mildly dangerous; 1% risk of failure)
Confirm with . or Enter, or press ? or * to list all spells.
You begin to radiate toxic energy.
Jorgrun is poisoned.
Jorgrun gestures at you while chanting.
The wall shatters!
The blast of rock fragments hits you!!
Unknown command.
Casting: Olgreb's Toxic Radiance (mildly dangerous; 1% risk of failure)
Confirm with . or Enter, or press ? or * to list all spells.
The heat is drained from your surroundings.
You resist.
You feel very cold.
Jorgrun is frozen.
Jorgrun is almost dead.
Your toxic aura wanes.
Jorgrun points at you and mumbles some strange words.
The iron shot hits you!!!
Ouch! That really hurt!
You die...

## ### .# ###### #.##
.##....# ##.# ###
..###.# ##. #.# #.###.#
## #.# #### #@.##.# #
##.#####..## #.#.#.#
#...#...#..## #.##g.##
#......####.###...##..#
######## ..(##..#
#..##...##..####..[....
.####..##
##.....####..##..####..
## ##..# #....##
##....## ##. # #..##
##.### #...## ##.. #
#...# ### ##...## ##...


You could see Jorgrun (poisoned).

Vanquished Creatures
  3 nagarajas (Snake:2)
  A frost giant (IceCv)
  Louise (D:14)
  An entropy weaver (D:12)
  A dire elephant (D:15)
  2 ogre magi (D:15)
  A vault guard (D:14)
  5 ghost crabs
  3 naga warriors
  11 hydras
  A catoblepas (D:13)
  An anaconda (shapeshifter) (D:13)
  4 centaur warriors
  3 anacondas (Snake:2)
  A death yak (IceCv)
  11 alligators
  2 orc high priests
  17 two-headed ogres
  A naga sharpshooter (Snake:2)
  Urug (Lair:5)
  2 shock serpents
  4 fire crabs (D:12)
  A skeletal warrior (D:13)
  A sea snake (Snake:1)
  A spriggan druid (Swamp:2)
  4 unseen horrors
  3 swamp dragons
  A harpy (Lair:6)
  Pikel (D:7)
  5 mana vipers
  9 orc knights
  5 deep elf magi
  3 salamanders
  8 ugly things
  A wolf spider (D:15)
  6 oklob plants
  3 manticores
  9 elephants (Lair:6)
  2 orc sorcerers
  6 cyclopes
  An apocalypse crab (D:12)
  An ice statue (IceCv)
  A guardian serpent (Snake:1)
  8 black mambas
  6 naga magi
  2 gargoyles
  13 cane toads
  5 rime drakes
  A kobold demonologist (D:15)
  10 komodo dragons
  2 efreet
  12 polar bears
  6 trolls
  8 tyrant leeches
  7 hornets
  6 hippogriffs
  7 blink frogs
  15 slime creatures
  11 dream sheep
  5 bog bodies
  A centaur simulacrum (D:15)
  2 vampires
  5 shadows
  5 water elementals (D:15)
  10 humans (D:14)
  4 spriggans
  3 wraiths
  A wyvern (shapeshifter) (D:13)
  71 yaks
  4 wyverns
  4 basilisks
  Eustachio (D:5)
  A steam dragon (D:15)
  23 vampire mosquitoes
  3 insubstantial wisps (Swamp:1)
  7 nagas
  9 wargs
  13 swamp worms
  A two-headed ogre zombie (D:9)
  An acid dragon (D:13)
  Menkaure (D:5)
  15 water moccasins
  7 porcupines
  49 orc warriors
  A black bear (Lair:1)
  4 ice beasts
  An eye of draining (D:15)
  4 swamp drakes
  4 phantoms
  15 wolves (IceCv)
  3 sky beasts
  16 ogres
  17 crocodiles
  10 centaurs
  A lemure (D:7)
  7 big kobolds
  3 elf zombies (Ossuary)
  24 bullfrogs
  5 scorpions
  A wyvern skeleton (D:13)
  3 troll zombies (D:9)
  20 killer bees
  16 wights
  6 electric eels
  8 howler monkeys
  2 bullfrog zombies
  5 centaur zombies
  9 orc priests
  5 jellies
  Crazy Yiuf (D:7)
  6 centaur skeletons
  2 bullfrog skeletons
  8 iguanas
  19 orc wizards
  5 worker ants
  4 ogre zombies (D:9)
  2 hound zombies
  A hound skeleton (D:8)
  4 mummies (Ossuary)
  A howler monkey zombie (D:8)
  A worker ant zombie (D:8)
  7 gnolls (D:7)
  2 river rats (Lair:4)
  15 adders
  4 white imps
  3 oozes (D:1)
  3 adder skeletons
  3 adder zombies
  4 worms
  A dart slug (D:2)
  5 leopard geckos
  84 orcs
  A giant cockroach (D:3)
  9 goblins
  8 hobgoblins
  2 jackals (D:2)
  2 quokkas
  A ball python (D:3)
  11 bats
  4 frilled lizards
  A goblin skeleton (D:9)
  2 goblin zombies (D:9)
  A hobgoblin skeleton (D:9)
  4 hobgoblin zombies
  33 kobolds
  2 kobold zombies (Ossuary)
  2 leopard gecko skeletons
  2 leopard gecko zombies (D:5)
  4 orc skeletons (D:9)
  18 orc zombies
  A quokka zombie (D:9)
  6 rats
1003 creatures vanquished.

Vanquished Creatures (collateral kills)
  2 hydras
  A merfolk avatar (Lair:6)
  A catoblepas (Lair:6)
  An alligator (Swamp:1)
  Sonja (Lair:1)
  A sea snake (Lair:6)
  An oklob plant (Lair:5)
  An ugly thing (D:11)
  A cyclops (D:12)
  3 elephants (Lair:6)
  A cane toad (Lair:6)
  2 komodo dragons (Lair:6)
  3 rime drakes (Lair:6)
  4 polar bears (Lair:6)
  2 hornets (Lair:6)
  A wyvern (Lair:6)
  A yak (Lair:6)
  2 basilisks
  2 water moccasins (Lair:6)
  2 porcupines (D:11)
  2 crocodiles (Lair:6)
  A bullfrog zombie (D:12)
  An adder (D:11)
  An orc (D:7)
  A butterfly (Lair:1)
39 creatures vanquished.

Vanquished Creatures (others)
  An entropy weaver (D:12)
  A vault guard (D:14)
  4 polar bears (IceCv)
  A wolf (IceCv)
  79 fungi
  147 plants
233 creatures vanquished.

Grand Total: 1275 creatures vanquished

Notes
Turn   | Place    | Note
-------+----------+-------------------------------------------
     0 | D:1      | MrRokkomies the Deep Elf Ice Elementalist began the quest
                  | for the Orb.
     0 | D:1      | Reached XP level 1. HP: 10/10 MP: 6/6
   174 | D:1      | Reached XP level 2. HP: 9/16 MP: 5/8
   406 | D:1      | Reached skill level 3 in Dodging
   739 | D:1      | Reached XP level 3. HP: 11/20 MP: 7/9
  1071 | D:1      | Learned a level 3 spell: Frozen Ramparts
  1075 | D:1      | Learned a level 3 spell: Ozocubu's Armour
  1151 | D:2      | Reached skill level 5 in Ice Magic
  1285 | D:2      | Reached skill level 1 in Fighting
  1473 | D:2      | Reached XP level 4. HP: 25/25 MP: 1/10
  1696 | D:2      | Reached skill level 4 in Dodging
  2313 | D:3      | Found a runed translucent gate.
  2313 | D:3      | Found a runed translucent gate.
  2313 | D:3      | Found a runed translucent gate.
  2313 | D:3      | Noticed Zadkiel's ghost (amateur GrEE)
  2410 | D:3      | Found a glowing silver altar of Zin.
  2477 | D:3      | Found an ornate altar of the Wu Jian Council.
  2721 | D:4      | Noticed an ogre
  2731 | D:4      | Killed an ogre
  2731 | D:4      | Reached skill level 1 in Shields
  2731 | D:4      | Reached XP level 5. HP: 15/29 MP: 7/11
  2734 | D:4      | Reached skill level 5 in Dodging
  2736 | D:4      | Reached XP level 6. HP: 21/35 MP: 7/12
  2970 | D:4      | Found a shattered altar of Ashenzari.
  3322 | D:4      | Found a sand-covered staircase.
  3331 | Ossuary  | Entered an ossuary
  3400 | Ossuary  | Reached XP level 7. HP: 40/40 MP: 5/13
  3432 | Ossuary  | Reached skill level 6 in Dodging
  4044 | D:4      | Found a hide-covered altar of Uskayaw.
  4074 | D:5      | Entered Level 5 of the Dungeon
  4086 | D:5      | Noticed Menkaure
  4107 | D:5      | Noticed Eustachio
  4120 | D:5      | Killed Eustachio
  4267 | D:5      | Learned a level 4 spell: Summon Ice Beast
  4316 | D:5      | Found a staircase to the Ecumenical Temple.
  4322 | Temple   | Entered the Ecumenical Temple
  4563 | Temple   | Became a worshipper of Vehumet
  4859 | D:5      | Killed Menkaure
  4859 | D:5      | Reached skill level 7 in Dodging
  4859 | D:5      | Reached XP level 8. HP: 22/45 MP: 11/14
  5288 | D:6      | Got a polished short sword
  5289 | D:6      | Identified the +6 short sword of Cidiss {vorpal, rElec rN++
                  | Int-5 Stlth+} (You found it on level 6 of the Dungeon)
  5510 | D:6      | Noticed a two-headed ogre
  5528 | D:6      | Killed a two-headed ogre
  5528 | D:6      | Reached skill level 8 in Dodging
  5811 | D:6      | Found a glowing drain.
  5893 | D:7      | Noticed Pikel
  5905 | D:7      | Killed Pikel
  5905 | D:7      | Reached XP level 9. HP: 47/52 MP: 6/15
  5924 | D:7      | Reached skill level 9 in Dodging
  6043 | D:7      | Reached * piety under Vehumet
  6043 | D:7      | Offered knowledge of Foxfire by Vehumet.
  6517 | D:7      | Found a runed translucent door.
  6518 | D:7      | Noticed Crazy Yiuf
  6544 | D:7      | Offered knowledge of Sandblast by Vehumet.
  6677 | D:7      | Reached skill level 10 in Dodging
  6795 | D:7      | Reached skill level 10 in Ice Magic
  6820 | D:7      | Reached ** piety under Vehumet
  6872 | D:7      | Found Nainoh's Book Emporium.
  7207 | D:7      | Killed Crazy Yiuf
  7656 | D:8      | Reached XP level 10. HP: 47/58 MP: 12/16
  7712 | D:8      | Noticed a two-headed ogre
  7729 | D:8      | Killed a two-headed ogre
  7729 | D:8      | Reached skill level 5 in Fighting
  7785 | D:8      | Identified a scroll of acquirement
  7785 | D:8      | Acquired the +7 eveningstar of Frustration {vorpal, rN++}
  8267 | D:9      | Found a staircase to the Orcish Mines.
  8268 | D:9      | Reached skill level 11 in Dodging
  8268 | D:9      | Reached skill level 1 in Summonings
  8268 | D:9      | Offered knowledge of Searing Ray by Vehumet.
  8286 | D:9      | Reached skill level 1 in Maces & Flails
  8294 | D:9      | Reached *** piety under Vehumet
  9281 | D:9      | Found a viscous altar of Jiyva.
  9285 | D:9      | Offered knowledge of Olgreb's Toxic Radiance by Vehumet.
 10432 | D:10     | Entered Level 10 of the Dungeon
 10614 | D:9      | Learned a level 4 spell: Olgreb's Toxic Radiance
 10636 | D:10     | Reached skill level 12 in Dodging
 10636 | D:10     | Reached XP level 11. HP: 44/63 MP: 17/17
 10637 | D:10     | Reached **** piety under Vehumet
 10882 | D:10     | Offered knowledge of Stone Arrow by Vehumet.
 11028 | D:10     | Reached skill level 1 in Poison Magic
 11243 | D:10     | Noticed a two-headed ogre
 11393 | D:9      | Killed a two-headed ogre
 11679 | D:10     | Found Baut's Jewellery Shop.
 12206 | D:11     | Noticed a white ugly thing
 12575 | D:11     | Killed a white ugly thing
 13060 | D:11     | Reached skill level 5 in Poison Magic
 13074 | D:11     | Found a staircase to the Lair.
 13255 | D:11     | Noticed a red ugly thing
 13269 | D:11     | Killed a red ugly thing
 13766 | D:11     | Reached ***** piety under Vehumet
 13796 | Lair:1   | Entered Level 1 of the Lair of Beasts
 13805 | Lair:1   | Offered knowledge of Ozocubu's Refrigeration by Vehumet.
 13988 | Lair:1   | Noticed Sonja
 13995 | Lair:1   | Killed Sonja
 14294 | Lair:1   | Reached skill level 5 in Spellcasting
 14412 | Lair:1   | Learned a level 6 spell: Ozocubu's Refrigeration
 14689 | Lair:1   | Noticed an eight-headed hydra
 14701 | Lair:1   | Killed an eight-headed hydra
 14701 | Lair:1   | Reached skill level 5 in Maces & Flails
 15320 | Lair:2   | Found a glowing golden altar of the Shining One.
 15393 | Lair:2   | Reached XP level 12. HP: 56/68 MP: 22/22
 15790 | Lair:2   | Noticed a four-headed hydra
 15803 | Lair:2   | Killed a four-headed hydra
 18426 | Lair:4   | Found a staircase to the Snake Pit.
 18683 | Lair:4   | Found a staircase to the Swamp.
 19062 | Lair:5   | Reached skill level 10 in Spellcasting
 19758 | Lair:5   | Found a staircase to the Slime Pits.
 20055 | Lair:5   | Reached XP level 13. HP: 51/76 MP: 3/29
 20360 | Lair:5   | Noticed Urug
 20370 | Lair:5   | Killed Urug
 20671 | Lair:6   | Entered Level 6 of the Lair of Beasts
 22884 | Lair:6   | Reached skill level 10 in Maces & Flails
 23654 | Lair:6   | Offered knowledge of Yara's Violent Unravelling by Vehumet.
 23696 | Lair:6   | Reached XP level 14. HP: 65/84 MP: 13/30
 24232 | Lair:6   | Found the +8 orange crystal plate armour {Archmagi, Int+3
                  | Clar}
 24236 | Lair:6   | Got a vibrating marble ring
 24248 | Lair:6   | Got an ancient long sword
 24258 | Lair:6   | Identified the +2 long sword "Cejuh" {vorpal, Dex+3 SInv}
                  | (You found it on level 6 of the Lair of Beasts)
 24543 | Lair:6   | Identified the cursed +0 kite shield of the Miller {Regen+}
                  | (You found it on level 6 of the Lair of Beasts)
 24561 | Lair:6   | Identified the ring of Abstinence {rPois rC- Int+6 Dex+8}
                  | (You found it on level 6 of the Lair of Beasts)
 24729 | Orc:1    | Entered Level 1 of the Orcish Mines
 24759 | Orc:1    | Found a flagged portal.
 24765 | Bailey   | Entered a bailey
 25047 | Bailey   | Found an iron altar of Okawaru.
 25475 | Orc:2    | Entered Level 2 of the Orcish Mines
 25475 | Orc:2    | Found a staircase to the Elven Halls.
 25871 | Orc:2    | Offered knowledge of Bolt of Magma by Vehumet.
 26470 | Orc:2    | Found Ujipifu's Gadget Emporium.
 26470 | Orc:2    | Found Orghoef's Armour Boutique.
 26474 | Orc:2    | Bought a condenser vane (2/2) for 320 gold pieces
 26492 | Orc:2    | Found a roughly hewn altar of Beogh.
 26522 | Orc:2    | Reached ****** piety under Vehumet
 26579 | Orc:2    | Found Dalautikh's Antique Weapon Emporium.
 26579 | Orc:2    | Found Betauxt's Jewellery Boutique.
 27037 | D:7      | Bought a manual of Dodging for 1435 gold pieces
 27351 | D:12     | Reached skill level 10 in Fighting
 28322 | D:12     | Found a runed translucent door.
 28808 | D:12     | Noticed an entropy weaver
 28812 | D:12     | Killed an entropy weaver
 29309 | D:12     | Noticed an entropy weaver
 29321 | D:12     | Killed an entropy weaver
 29675 | D:12     | Reached XP level 15. HP: 83/92 MP: 9/31
 30004 | D:13     | Found a runed translucent door.
 30318 | D:13     | Reached skill level 13 in Dodging
 30406 | D:13     | Offered knowledge of Iskenderun's Battlesphere by Vehumet.
 30600 | D:13     | Found a runed translucent door.
 32047 | D:14     | Found a frozen archway.
 32052 | D:14     | Noticed Louise
 32059 | D:14     | Killed Louise
 32067 | IceCv    | Entered an ice cave
 32659 | IceCv    | Reached skill level 14 in Dodging
 32724 | IceCv    | Offered knowledge of Spellforged Servitor by Vehumet.
 33175 | IceCv    | Noticed a frost giant
 33178 | IceCv    | Killed a frost giant
 33252 | IceCv    | Identified the +2 triple crossbow of Extinguishment
                  | {vorpal, +Fly rElec rPois Dex+2} (You found it in an ice
                  | cave)
 33679 | D:14     | Found a glowing golden altar of the Shining One.
 34149 | D:14     | Found a gate to the Vaults.
 34332 | D:15     | Entered Level 15 of the Dungeon
 34822 | D:15     | Reached XP level 16. HP: 67/97 MP: 2/32
 34955 | D:14     | Reached skill level 15 in Dodging
 35217 | D:15     | Offered knowledge of Lightning Bolt by Vehumet.
 35394 | D:15     | Reached skill level 15 in Ice Magic
 35660 | D:15     | Found a staircase to the Depths.
 36327 | D:10     | Bought an uncursed ring of protection from cold for 350
                  | gold pieces
 36327 | D:10     | Bought an uncursed ring of protection from fire for 350
                  | gold pieces
 36538 | Swamp:1  | Entered Level 1 of the Swamp
 37627 | Swamp:1  | Learned a level 9 spell: Absolute Zero
 38476 | Swamp:2  | Reached skill level 16 in Dodging
 38476 | Swamp:2  | Offered knowledge of Iron Shot by Vehumet.
 38486 | Swamp:2  | Learned a level 6 spell: Iron Shot
 38700 | Swamp:2  | Found a glowing golden altar of the Shining One.
 41030 | Swamp:4  | Entered Level 4 of the Swamp
 41138 | Snake:1  | Entered Level 1 of the Snake Pit
 42832 | Snake:1  | Found a hide-covered altar of Uskayaw.
 42865 | Snake:1  | Reached XP level 17. HP: 102/102 MP: 33/33
 43358 | Snake:2  | Reached skill level 17 in Dodging
 43595 | Snake:2  | Found Eounalex's Eclectic Emporium.
 43819 | Snake:2  | Acquired the ring "Ytenk" {Wiz *Drain rPois Dex+7}
 44518 | Snake:2  | Noticed Jorgrun
 44531 | Snake:2  | HP: 2/102 [Jorgrun/+0 vorpal quarterstaff (6)]
 44558 | Snake:2  | Killed from afar by Jorgrun

Illustrated notes

Levels and vault maps discovered:
D:1:      dpeg_arrival_shrine, layout_rooms
D:2:      layout_loops_cross
D:3:      layout_loops_ring, lemuel_crystal_altar, marbit_many_paths,
          ebering_ghost_rock_garden
D:4:      layout_basic, nicolae_overflow_hidden_temple, kennysheep_mini_moat,
          enter_ossuary_1
D:5:      layout_loops_ring, minmay_temple_entry_overgrown, serial_bayou,
          serial_bayou_shore_b, serial_bayou_pond_e, serial_bayou_lake_a,
          serial_bayou_pond_d, uniq_menkaure, uniq_eustachio
D:6:      layout_gridville, cheibrodos_sewer_entry_bend
D:7:      layout_basic, serial_shops, kennysheep_mini, uniq_crazy_yiuf_cottage,
          uniq_pikel
D:8:      layout_gridville
D:9:      layout_basic, zombieorc2_lemuel, jiyva_altar_1
D:10:     layout_cave_pools, serial_shops, shop
D:11:     layout_basic, minmay_lair_entry_grove
D:12:     gammafunk_mikee_crab_dinner, layout_rooms
D:13:     cheibrodos_histonic, layout_rooms
D:14:     layout_long_grid, ximxim_vaults_locker_room, minmay_hedge_maze,
          portal_ice_cave_entry_pillars_2, basic_altar, uniq_louise
D:15:     hangedman_depths_entry_try_elsewhere_first, layout_loops_cross,
          chequers_big_river, chequers_serial_rivers_room_b
Temple:   dpeg_five_rooms_temple
Lair:1:   layout_loops_ring, serial_bayou_pond_e, lemuel_fruit_fields,
          infiniplex_staircase_pool_2, uniq_sonja
Lair:2:   layout_cave_pods, basic_altar
Lair:3:   layout_cave_shapes
Lair:4:   layout_misc_corridors, nicolae_swamp_entry_splash_gauntlet,
          dummy_snake_entry, pond, serial_bayou_shore_b, grunt_megastairs_5,
          serial_bayou_shore_b, serial_bayou_shore_b
Lair:5:   layout_gridlike, minmay_slime_entry_oklob_enclosed, uniq_urug
Lair:6:   gammafunk_lair_ancient_temple, layout_misc_corridors,
          minmay_lair_oklob_chamber, lemuel_fruit_tree
Swamp:1:  layout_basic_swamp, hangedman_swamp_blocks, infiniplex_staircase_pool
Swamp:2:  layout_basic_swamp, basic_altar
Swamp:3:  layout_falls_marsh, serial_swamp_ruin, evilmike_swamp_ruin_house_2,
          evilmike_swamp_ruin_house_4
Swamp:4:  grunt_swamp_rune_castle, layout_basic_swamp, swamp_pool2,
          nicolae_swamp_feature_on_the_river_bank, uniq_kirke
Snake:1:  layout_gridlike, basic_altar, nrook_guardian_serpent_ordinary,
          serial_bayou_shore_a
Snake:2:  layout_layer_cave, st_stairs_8, nicolae_alphabet_shops, uniq_jorgrun
Orc:1:    layout_caves, enter_bailey_3
Orc:2:    st_orc_town, layout_caves

Skill      XL: |  1  2  3  4  5  6  7  8  9 10 11 12 13 14 15 16 17 |
---------------+----------------------------------------------------+-----
Dodging        | 3 4 5 7 8 10 12 14 16 17 | 17.2
Ice Magic      | 5 6 7 9 10 11 12 14 16 | 16.7
Fighting       | 1 2 3 4 5 6 8 10 | 10.0
Shields        | 1 2 3 4 |  4.0
Summonings     | 3 4 |  4.0
Maces & Flails | 2 5 7 10 12 13 14 | 14.4
Poison Magic   | 5 6 |  6.0
Spellcasting   | 5 10 | 10.0
Stealth        | |  2.4

Action                   |  1- 3 |  4- 6 |  7- 9 | 10-12 | 13-15 | 16-18 || total
-------------------------+-------+-------+-------+-------+-------+-------++-------
Melee: Unarmed           |     1 |       |       |       |       |       ||     1
       Short sword       |    43 |   130 |   102 |    12 |       |       ||   287
       Rapier            |       |       |   194 |     1 |       |       ||   195
       Eveningstar       |       |       |       |   424 |   632 |   404 ||  1460
Throw: Dart              |       |     5 |     7 |    23 |    21 |       ||    56
 Cast: Freeze            |    25 |    22 |    11 |       |       |       ||    58
       Frozen Ramparts   |     2 |    10 |    22 |    35 |     7 |       ||    76
       Ozocubu's Armour  |       |     1 |     6 |    12 |     2 |     1 ||    22
       Summon Ice Beast  |       |       |     2 |    31 |    69 |     6 ||   108
       Ozocubu's Refrige |       |       |       |    38 |   213 |   126 ||   377
       Olgreb's Toxic Ra |       |       |       |     8 |    37 |     8 ||    53
Evoke: Wand              |       |       |       |       |     7 |       ||     7
  Use: Scroll            |     6 |     6 |    10 |    10 |    13 |     6 ||    51
       Potion            |       |     1 |     2 |     3 |     1 |     3 ||    10
 Stab: Sleeping          |     4 |     5 |     6 |     7 |     3 |     6 ||    31
       Distracted        |       |       |       |     2 |     9 |       ||    11
       Confused          |       |       |       |       |       |     1 ||     1
Armor: Robe              |    13 |    34 |    27 |    71 |    55 |    11 ||   211
       Skin              |       |    14 |    45 |       |       |       ||    59
       Animal skin       |       |       |       |       |    10 |     7 ||    17
Dodge: Dodged            |    56 |    93 |   188 |   509 |   488 |   337 ||  1671
       Repelled          |       |       |     2 |     4 |     7 |     8 ||    21
Block: Buckler           |       |    36 |    71 |   158 |   195 |    98 ||   558

Table legend: (Time is in decaauts)
 A = Elapsed time spent in this place.
 B = Non-inter-level travel time spent in this place.
 C = Inter-level travel time spent in this place.
 D = Time resting spent in this place.
 E = Time spent auto-exploring this place.
 F = Levels seen in this place.
 G = Mean time per level.
                   A        B        C        D        E       F      G
               +--------+--------+--------+--------+--------+-----+--------+
         Total |  44965 |  43067 |   1898 |   6723 |  29681 |  33 | 1362.6 |
       Dungeon |  21525 |  20418 |   1107 |   3938 |  13044 |  15 | 1435.0 |
        Temple |    272 |    189 |     83 |      0 |    188 |   1 |  272.0 |
          Lair |  11091 |  10620 |    471 |   1373 |   8021 |   6 | 1848.5 |
         Swamp |   4663 |   4519 |    144 |      0 |   4063 |   4 | 1165.8 |
     Snake Pit |   3397 |   3369 |     28 |    525 |   2502 |   2 | 1698.5 |
  Orcish Mines |   1891 |   1828 |     63 |    455 |    920 |   2 |  945.5 |
       Ossuary |    537 |    537 |      0 |     59 |    190 |   1 |  537.0 |
        Bailey |    379 |    379 |      0 |     81 |    222 |   1 |  379.0 |
      Ice Cave |   1207 |   1207 |      0 |    292 |    530 |   1 | 1207.0 |
               +--------+--------+--------+--------+--------+-----+--------+

Top non-repeatable levels by time:
  Lair:6: 3230 daAuts
    D:12: 2873 daAuts
     D:9: 2861 daAuts
  Lair:5: 2452 daAuts
  Lair:2: 1978 daAuts
    D:13: 1968 daAuts
 Swamp:1: 1966 daAuts
 Snake:1: 1926 daAuts
  Lair:1: 1568 daAuts
    D:15: 1559 daAuts
    D:14: 1502 daAuts
     D:7: 1498 daAuts
 Swamp:2: 1492 daAuts
 Snake:2: 1470 daAuts
    D:10: 1452 daAuts
